← All builds
Suicide front / Armada / Factory first / OBSERVED BUILD

Standard suicide front

Armada Suicide front build order · Supreme Isthmus

The role's baseline: Bot Lab at 0:21 then straight into reclaim-fed T1 bot production to contest the middle and hold until T2 arrives, with an Advanced Metal Extractor around 9:45.

#rush · 2028 distinct matches · 233 players · 72% of Armada Suicide front games · team won 59% of 2406 · Recently observed

HOW TO PLAY IT

Key timing: Bot Lab by 0:20

  1. Open with mex and lab-first to get Bot Lab up by 0:20.
  2. Expand mex and wind while lab pumps units toward middle.
  3. Push Sentry and early Rocketeer, Centurion to contest middle.
  4. Get T2 constructor out once Pond's boost lets you spare metal.
  5. Upgrade mex to Advanced Metal Extractor as you transition off T1 spam.

Phase by phase

TYPICAL OF ITS 2028 GAMES
  1. 1
  2. 2
  3. 3
PLAY THE OPENING

Follow the example game's first 6:00 step by step: what to build now, what comes next, and where it goes. At 1× it keeps pace with your own game.

  1. 1

    Bot Lab first

    Order
    1. Bot LabBot Lab done ~0:24, middle half 0:20–0:33

    Some games also: mex (44%)

  2. 2

    Bot Lab to 5:00

    Economy
    • Metal Extractor5Mex
    • Wind Turbine4Wind
    Builders
    • Construction Bot3 Con bot
    • Lazarus2 Lazarus
    Army
    • Sentry4 Sentry
    • Rocketeer16 Rocketeer
    • Tick2 Tick
    • Centurion1 Centurion
    Other
    • Radar Tower1 Radar Tower

    Some games also: pawn (38%) · con turret (34%)

    By 5:00 in all: 5 mex · 4 wind

    The example game in this phase · 29 steps
    1. TickTick ×2
    2. PawnPawn
    3. LazarusLazarus
    4. Construction BotCon bot ×2
    5. Mex
    6. LazarusLazarus
    7. Mex
    8. CenturionCenturion
    9. SentrySentry
    10. Mex
    11. CenturionCenturion
    12. SentrySentry
    13. Construction BotCon bot ×2
    14. Mex
    15. CenturionCenturion
    16. RocketeerRocketeer ×5
    17. Wind
    18. RocketeerRocketeer
    19. Vehicle PlantVehicle Plantdone 4:11
    20. RocketeerRocketeer
    21. Radar TowerRadar Tower
    22. RocketeerRocketeer
    23. Wind
    24. RocketeerRocketeer ×3
    25. Wind
    26. RocketeerRocketeer ×2
    27. Wind
    28. RocketeerRocketeer ×2
    29. Construction VehicleCon vehicle
  3. 3

    5:00 to 10:00

    Economy
    • Metal Extractor1Mex
    • Wind Turbine15Wind
    Builders
    • Construction Turret2 Con turret
    • Lazarus2 Lazarus
    • Construction Bot1 Con bot
    Army
    • Sentry1 Sentry
    • Rocketeer8 Rocketeer

    Some games also: pawn (49%) · Radar Tower (46%) · tick (45%) · centurion (44%) · energy storage (42%) · eat Bot Lab (31%)

    By 10:00 in all: 6 mex · 21 wind · 1 energy storage · 2 con turret

    The example game in this phase · 131 steps
    1. Wind
    2. Con turret
    3. Wind
    4. BlitzBlitz ×3
    5. OverwatchOverwatch
    6. BlitzBlitz
    7. Wind
    8. BlitzBlitz ×2
    9. Wind
    10. BlitzBlitz
    11. Con turret ×3
    12. Wind
    13. Con turret
    14. Wind
    15. Bot LabEat Bot Labreclaimed for its metal
    16. GauntletGauntletdone 7:45
    17. Wind
    18. Con turret
    19. Wind
    20. Converter
    21. Wind
    22. RoverScout
    23. Con turret
    24. Wind
    25. RoverScout ×5
    26. Wind
    27. Converter
    28. RoverScout ×5
    29. Wind
    30. RoverScout ×5
    31. Wind
    32. RoverScout ×6
    33. Wind
    34. RoverScout
    35. Converter
    36. RoverScout
    37. Advanced Metal ExtractorT2 mexdone 9:03 · typical 9:46
    38. RoverScout
    39. Wind
    40. RoverScout
    41. Advanced Metal ExtractorT2 mex
    42. RoverScout
    43. Wind
    44. Con turret
    45. RoverScout ×2
    46. Wind
    47. RoverScout
    48. Converter
    49. RoverScout
    50. Advanced Metal ExtractorT2 mex
    51. RoverScout
    52. Sneaky PeteSneaky Pete
    53. Wind
    54. RoverScout ×4
    55. Wind
    56. RoverScout ×2
    57. Advanced Metal ExtractorT2 mex
    58. RoverScout ×3
    59. Converter
    60. Wind
    61. RoverScout ×3
    62. Sneaky PeteSneaky Pete
    63. RoverScout ×9
    64. Converter
    65. RoverScout ×2
    66. Advanced Metal ExtractorT2 mex
    67. RoverScout ×4
    68. Con turret
    69. RoverScout ×5
    70. Con turret
    71. RoverScout ×2
    72. Converter
    73. RoverScout ×2
    74. Wind
    75. RoverScout ×5
    76. Con turret
    77. RoverScout
    78. Wind
    79. RoverScout ×5
    80. AnemoneAnemone
    81. RoverScout
    82. Wind
    83. RoverScout ×2
    84. Converter
    85. RoverScout
    86. Advanced Metal ExtractorT2 mex
    87. RoverScout
    88. Sneaky PeteSneaky Pete
    89. RoverScout
    90. Wind
    91. RoverScout ×5
    92. Wind
    93. RoverScout ×4
    94. ShipyardShipyardnot finished by 15:00
    95. RoverScout
    96. Wind
    97. RoverScout ×6
    98. Wind
    99. RoverScout ×5
    100. Wind
    101. RoverScout ×6
    102. Wind
    103. RoverScout ×5
    104. Wind
    105. RoverScout ×7
    106. Wind
    107. RoverScout ×5
    108. Wind
    109. RoverScout ×5
    110. Wind
    111. RoverScout
    112. ShipyardShipyardnot finished by 15:00
    113. RoverScout ×5
    114. Wind
    115. RoverScout
    116. Con turret
    117. RoverScout ×5
    118. Wind
    119. RoverScout ×5
    120. Con turret
    121. Wind
    122. RoverScout ×2
    123. Wind
    124. RoverScout
    125. Con turret
    126. RoverScout
    127. Wind
    128. Con turret
    129. Wind ×2
    130. AnemoneAnemone
    131. Wind

Counts are medians over the build's games: half of them build more, half fewer. The example game is Stefan1156's (34 OS, 08/10/2026); pick another.

Team trades

IN AT LEAST 30% OF ITS GAMES

You hand over

Nothing regular.

You get

  • Tidal Generator4 Tidal from Pondfirst at 0:10 · in 68% of games
  • Advanced Construction Bot1 T2 con bot from Geo or Techfirst at 7:41 · in 57% of games

How it plays out

Typical game of this build, running totals by minute

Metal produced

010k20k
0:005:0010:0015:00

metal

Enemy metal destroyed

05k10k
0:005:0010:0015:00

metal

Own metal lost

05k10k
0:005:0010:0015:00

metal

2406 games.

Show as table
ByMetal produced: This buildEnemy metal destroyed: This buildOwn metal lost: This build
1:0023000
2:0088700
3:002008184130
4:003109645501
5:00418413531000
6:00534721831707
7:00654330512589
8:00776039363499
9:00904646894375
10:001041253125161
11:001188958585966
12:001357864076686
13:001539668767455
14:001729675048213
15:001925281069007
WHAT THE NUMBERS SAY

Standard Suicide front play wins a bit over half its games while taking the heaviest own losses of any role by 15:00.

  • + Produces 20142 metal by 15:00, highest of the front roles.
  • + First kill by 2:01 in all games, fastest contest of middle.
  • − Own metal lost hits 9178 by 15:00, more than enemy metal destroyed.
  • − Only 34% Rocketeer share shows army spread thin across many bot types.
THE EXAMPLE YOU ARE READING

Stefan1156

34.1 OS · 08/10/2026

Open source match ↗

8 received units · includes a constructor
79 metal received · 14273 energy received

Allied construction assistance is unknown. Timings are observations, not a promise of solo reproducibility.

Typical milestones

Bot Lab0:24Middle 50%: 0:20–0:33 · n=2398
Advanced Metal Extractor9:46Middle 50%: 8:50–10:58 · n=1738

Played most by

_X_262games of this buildPlatinumBlonde188games of this buildXad166games of this buildTrapCaT109games of this buildSoliloqueur81games of this build
Standard suicide front · Armada Suicide front build order · BAR Build Atlas